[Event "29th Czech Open-Rapid 2018"]
[Site "Pardubice"]
[Date "2018.07.18"]
[Round "3"]
[White "Annenkov, Kirill"]
[Black "Tarun V Kanth"]
[Result "0-1"]
[ECO "E01"]
[WhiteElo "2214"]
[BlackElo "2086"]
[Annotator "NA"]
[PlyCount "62"]
[EventDate "2018.07.18"]
[EventType "swiss"]
[EventCountry "CZE"]
[SourceTitle "playchess.com"]
[Source "ChessBase"]
[SourceQuality "1"]
[TimeControl "900+10"]

1. d4 Nf6 2. c4 e6 3. g3 d5 4. Bg2 Bb4+ 5. Nd2 O-O 6. Ngf3 dxc4 7. O-O Nbd7 8. Nxc4 Nb6 9. Qb3 Be7 10. Rd1 Bd7 11. Qc2 Bc6 12. b3 Be4 13. Qb2 Qd5 14. Bf4 Qh5 15. Nxb6 cxb6 16. Rac1 Nd5 17. Bd2 Bf6 18. Be1 Rfd8 19. Ne5 Bxg2 20. Kxg2 Bxe5 21. dxe5 Rd7 22. Rd3 Rad8 23. Rcd1 h6 24. Kg1 Qh3 25. Qd2 g5 26. f3 Kg7 27. Bf2 Kh8 28. Qe1 Nf4 29. gxf4 gxf4 30. Qf1 Rg8+ 31. Kh1 Rxd3 0-1

[Event "29th Czech Open-Rapid 2018"]
[Site "Pardubice"]
[Date "2018.07.18"]
[Round "3"]
[White "Zlatin, Alexander"]
[Black "Nehyba, Martin"]
[Result "1-0"]
[ECO "B22"]
[WhiteElo "2200"]
[BlackElo "2163"]
[Annotator "NA"]
[PlyCount "59"]
[EventDate "2018.07.18"]
[EventType "swiss"]
[EventCountry "CZE"]
[SourceTitle "playchess.com"]
[Source "ChessBase"]
[SourceQuality "1"]
[TimeControl "900+10"]

1. e4 c5 2. c3 d5 3. exd5 Qxd5 4. Nf3 Nc6 5. d4 e5 6. Be3 Bg4 7. c4 Qd8 8. d5 Nd4 9. Bxd4 exd4 10. Be2 Nf6 11. O-O Bd6 12. Nxd4 cxd4 13. Bxg4 Qc7 14. Re1+ Kf8 15. Qxd4 Bxh2+ 16. Kf1 Nxg4 17. Qxg4 Bf4 18. Na3 h5 19. Qe2 h4 20. Nb5 Qc5 21. Qe4 a6 22. b4 Qxb4 23. Rab1 Qc5 24. Qxf4 axb5 25. Rxb5 Qc8 26. Kg1 h3 27. g3 h2+ 28. Kh1 Rxa2 29. Rc5 Qd8 30. Qd6+ 1-0

[Event "29th Czech Open-Rapid 2018"]
[Site "Pardubice"]
[Date "2018.07.18"]
[Round "3"]
[White "Lushnikov, Evgeny"]
[Black "Zarovs, Aleksandrs"]
[Result "1-0"]
[ECO "B01"]
[WhiteElo "2136"]
[BlackElo "1836"]
[Annotator "NA"]
[PlyCount "89"]
[EventDate "2018.07.18"]
[EventType "swiss"]
[EventCountry "CZE"]
[SourceTitle "playchess.com"]
[Source "ChessBase"]
[SourceQuality "1"]
[TimeControl "900+10"]

1. e4 d5 2. exd5 Qxd5 3. Nc3 Qa5 4. h3 c6 5. d4 Bf5 6. Nf3 e6 7. Bc4 Nf6 8. O-O Bd6 9. Bg5 Nbd7 10. a3 O-O 11. b4 Qc7 12. Qe2 Nd5 13. Bxd5 cxd5 14. Nb5 Qb8 15. c4 dxc4 16. Qxc4 Nb6 17. Qb3 a6 18. Nxd6 Qxd6 19. Rac1 Rac8 20. Bh4 Be4 21. Qe3 Bd5 22. Bg3 Qe7 23. Ne5 f6 24. Rxc8 Rxc8 25. Nd3 Rc3 26. Rc1 Nc4 27. Rxc3 Nxe3 28. fxe3 h6 29. Rc7 Qe8 30. Nc5 Qg6 31. Kh2 Qc2 32. e4 Bxe4 33. Nxe4 Qxe4 34. Rd7 g5 35. a4 h5 36. b5 axb5 37. axb5 h4 38. Bc7 Qf5 39. b6 Qe4 40. Kg1 g4 41. hxg4 Qxg4 42. Kh2 Qe4 43. g3 hxg3+ 44. Kxg3 Kf8 45. Rd8+ 1-0

[Event "29th Czech Open-Rapid 2018"]
[Site "Pardubice"]
[Date "2018.07.18"]
[Round "3"]
[White "Brejnik, Gustav"]
[Black "Freisler, Pavel"]
[Result "0-1"]
[ECO "E09"]
[WhiteElo "2134"]
[BlackElo "2246"]
[Annotator "NA"]
[PlyCount "78"]
[EventDate "2018.07.18"]
[EventType "swiss"]
[EventCountry "CZE"]
[SourceTitle "playchess.com"]
[Source "ChessBase"]
[SourceQuality "1"]
[TimeControl "900+10"]

1. d4 Nf6 2. c4 e6 3. g3 d5 4. Nf3 Bb4+ 5. Bd2 Be7 6. Bg2 O-O 7. O-O Nbd7 8. Qc2 c6 9. Bf4 Nh5 10. Bc1 Nhf6 11. Nbd2 b6 12. e4 Ba6 13. Re1 Rc8 14. Qa4 Bxc4 15. Nxc4 dxc4 16. Qxc4 c5 17. d5 exd5 18. exd5 Bd6 19. Bd2 Qc7 20. Bc3 Rfe8 21. Bh3 Rcd8 22. Rad1 Qb7 23. a4 Rxe1+ 24. Nxe1 Ne5 25. Qe2 Re8 26. Bg2 Qc7 27. Nf3 h6 28. Qb5 Re7 29. Nh4 g6 30. Qb3 c4 31. Qc2 Bc5 32. h3 Qd6 33. Kf1 Nd3 34. Rxd3 cxd3 35. Qxd3 Kh7 36. b3 Bb4 37. Bxb4 Qxb4 38. Nf3 Qc5 39. Nd2 Qc1# 0-1

[Event "29th Czech Open-Rapid 2018"]
[Site "Pardubice"]
[Date "2018.07.18"]
[Round "3"]
[White "Sinauridze, Simons"]
[Black "Zdechovsky, Tobias"]
[Result "*"]
[ECO "B31"]
[WhiteElo "2088"]
[BlackElo "1675"]
[Annotator "NA RC"]
[PlyCount "72"]
[EventDate "2018.07.18"]
[EventType "swiss"]
[EventCountry "CZE"]
[SourceTitle "playchess.com"]
[Source "ChessBase"]
[SourceQuality "1"]
[TimeControl "900+10"]

1. e4 c5 2. Nf3 Nc6 3. Bb5 g6 4. O-O Bg7 $11 5. c3 Nf6 6. Re1 O-O 7. d4 cxd4 8. cxd4 d5 9. e5 Ne4 10. h3 f5 11. Nc3 Qb6 12. a4 e6 13. Ne2 Qd8 14. h4 h6 15. Bd3 Nb4 16. Bb1 a5 17. Nf4 Kh7 18. Ra3 g5 19. hxg5 hxg5 20. Bxe4 dxe4 21. Nxg5+ Qxg5 22. Nxe6 Qe7 23. Nxf8+ Qxf8 24. Qh5+ Kg8 25. Rh3 Nd3 26. Qh7+ Kf7 27. Rxd3 exd3 28. d5 Qh8 29. e6+ Kf6 30. Qxh8 Bxh8 31. Bf4 Kg6 32. d6 Bxb2 33. d7 Bxd7 34. exd7 Rd8 35. Re6+ Kf7 36. Rd6 Ke7 *

[Event "29th Czech Open-Rapid 2018"]
[Site "Pardubice"]
[Date "2018.07.18"]
[Round "3"]
[White "Krouzel, Jaroslav"]
[Black "Roskova, Katerina"]
[Result "1-0"]
[ECO "D91"]
[WhiteElo "2079"]
[BlackElo "1950"]
[Annotator "NA"]
[PlyCount "81"]
[EventDate "2018.07.18"]
[EventType "swiss"]
[EventCountry "CZE"]
[SourceTitle "playchess.com"]
[Source "ChessBase"]
[SourceQuality "1"]
[TimeControl "900+10"]

1. d4 Nf6 2. c4 g6 3. Nc3 d5 4. Nf3 Bg7 5. Bg5 Ne4 6. cxd5 Nxg5 7. Nxg5 e5 8. Nf3 exd4 9. Nxd4 O-O 10. e3 Re8 11. Be2 Nd7 12. O-O Nf6 13. Bf3 h5 14. Rc1 Bg4 15. h3 Bxf3 16. Qxf3 a6 17. Rfd1 Qd7 18. Nb3 Rad8 19. Nc5 Qc8 20. d6 Rxd6 21. Rxd6 cxd6 22. Nxb7 Re6 23. Ne2 Qd7 24. Qc6 Qxc6 25. Rxc6 Nd5 26. Rxa6 Bxb2 27. Rxd6 Re7 28. Rxd5 Rxb7 29. Ra5 Kg7 30. f4 Rc7 31. Kf2 Rc2 32. Kf3 f6 33. a4 Kf7 34. Ra8 f5 35. a5 Ba3 36. a6 Ra2 37. Nc3 Ra1 38. Nb5 Bc5 39. Rc8 Bb6 40. a7 Bxa7 41. Rc7+ 1-0

[Event "29th Czech Open-Rapid 2018"]
[Site "Pardubice"]
[Date "2018.07.18"]
[Round "3"]
[White "Zdrazil, Tomas"]
[Black "Alekseev, Mikhail G"]
[Result "1-0"]
[ECO "B15"]
[WhiteElo "2065"]
[BlackElo "1855"]
[Annotator "NA"]
[PlyCount "53"]
[EventDate "2018.07.18"]
[EventType "swiss"]
[EventCountry "CZE"]
[SourceTitle "playchess.com"]
[Source "ChessBase"]
[SourceQuality "1"]
[TimeControl "900+10"]

1. e4 c6 2. d4 d5 3. Nc3 a6 4. Nf3 Bg4 5. Be2 e6 6. h3 Bh5 7. O-O Nf6 8. exd5 cxd5 9. Bf4 Bxf3 10. Bxf3 Nc6 11. Ne2 Bd6 12. c3 O-O 13. Qd2 b5 14. Nc1 Bxf4 15. Qxf4 Qb8 16. Qxb8 Raxb8 17. a3 a5 18. Nd3 b4 19. axb4 axb4 20. Ra6 Rfc8 21. Rfa1 bxc3 22. bxc3 g6 23. R1a3 Kg7 24. g3 Nd7 25. Kg2 Nb6 26. Rb3 Nc4 27. Rxc6 1-0

[Event "29th Czech Open-Rapid 2018"]
[Site "Pardubice"]
[Date "2018.07.18"]
[Round "3"]
[White "Kusa, Jakub"]
[Black "Skliarov, Viktor"]
[Result "0-1"]
[ECO "B33"]
[WhiteElo "2061"]
[BlackElo "2357"]
[Annotator "NA"]
[PlyCount "76"]
[EventDate "2018.07.18"]
[EventType "swiss"]
[EventCountry "CZE"]
[SourceTitle "playchess.com"]
[Source "ChessBase"]
[SourceQuality "1"]
[TimeControl "900+10"]

1. e4 c5 2. Nf3 Nc6 3. d4 cxd4 4. Nxd4 Nf6 5. Nc3 e5 6. Ndb5 d6 7. Bg5 a6 8. Na3 b5 9. Nd5 Be7 10. Bxf6 Bxf6 11. c4 b4 12. Nc2 a5 13. g3 Bg5 14. Bg2 O-O 15. O-O Nb8 16. Nce3 Na6 17. b3 Nc5 18. f4 exf4 19. gxf4 Bh6 20. Qh5 a4 21. Rad1 axb3 22. axb3 Ra3 23. e5 dxe5 24. fxe5 Qg5 25. Qxg5 Bxg5 26. Nc2 Rxb3 27. Ncxb4 h5 28. Nc6 Re8 29. Nd4 Rb2 30. Nc6 Bd7 31. Ndb4 Bg4 32. Rb1 Rd2 33. Bd5 Ne6 34. Bxe6 Rxe6 35. Nd5 Rxc6 36. Rb8+ Kh7 37. Rxf7 Rxc4 38. Rb1 Rxd5 0-1

[Event "29th Czech Open-Rapid 2018"]
[Site "Pardubice"]
[Date "2018.07.18"]
[Round "3"]
[White "Yakimenko, Alexander A"]
[Black "Effenberger, Adam"]
[Result "1/2-1/2"]
[ECO "B40"]
[WhiteElo "2035"]
[BlackElo "1817"]
[Annotator "NA RC"]
[PlyCount "156"]
[EventDate "2018.07.18"]
[EventType "swiss"]
[EventCountry "CZE"]
[SourceTitle "playchess.com"]
[Source "ChessBase"]
[SourceQuality "1"]
[TimeControl "900+10"]

1. e4 c5 2. Nf3 e6 3. c3 Nf6 4. e5 Nd5 5. Na3 a6 6. d4 cxd4 7. cxd4 Bxa3 8. bxa3 Qa5+ 9. Qd2 Qxd2+ 10. Bxd2 O-O 11. Bb4 Re8 12. Bd6 b5 13. Bd3 Nc6 14. O-O Bb7 15. Bc5 Na5 16. g3 Nf4 17. Bxh7+ Kxh7 18. Ng5+ Kg6 19. gxf4 Rh8 20. f3 Rh4 21. Rf2 f6 22. Ne4 Rxf4 23. Re1 Nc4 24. Rg2+ Kf7 25. Rg3 Bxe4 26. fxe4 fxe5 27. dxe5 Nxe5 28. Bd6 Nf3+ 29. Kf2 Nxe1+ 30. Bxf4 Nc2 31. Be5 g6 32. Rc3 d6 33. Rc7+ Ke8 34. Bxd6 Nd4 35. Rg7 Rd8 36. e5 Nf5 37. Rxg6 Nxd6 38. Rxe6+ Kf7 39. Rxd6 Re8 40. e6+ Ke7 41. Rxa6 Rc8 42. Ke3 Rc2 43. Kd4 Rxh2 44. Kc5 Rh5+ 45. Kb4 Re5 46. Rb6 Rxe6 47. Rxb5 Re4+ 48. Ka5 Kd7 49. Rc5 Re2 50. a4 Rxa2 51. Kb5 Rb2+ 52. Ka6 Kd6 53. Rc1 Rb4 54. a5 Rb2 55. Ka7 Kd7 56. a6 Rb3 57. Rc2 Rb1 58. Rh2 Rb3 59. Rh7+ Kc8 60. Rh8+ Kc7 61. Rh7+ Kc8 62. Rb7 Ra3 63. Rb5 Kc7 64. Rc5+ Kd6 65. Rc4 Rb3 66. Ka8 Kd7 67. a7 Rb2 68. Rc1 Rb3 69. Rh1 Kc7 70. Rh7+ Kc8 71. Rh8+ Kc7 72. Rb8 Ra3 73. Rb1 Rc3 74. Rb7+ Kc8 75. Rb8+ Kc7 76. Rh8 Rb3 77. Rb8 Rc3 78. Rc8+ Kxc8 1/2-1/2

[Event "29th Czech Open-Rapid 2018"]
[Site "Pardubice"]
[Date "2018.07.18"]
[Round "3"]
[White "Gschwendtner, Stanislav"]
[Black "Kutynec, Vladimir"]
[Result "0-1"]
[ECO "A92"]
[WhiteElo "2032"]
[BlackElo "2273"]
[Annotator "NA"]
[PlyCount "58"]
[EventDate "2018.07.18"]
[EventType "swiss"]
[EventCountry "CZE"]
[SourceTitle "playchess.com"]
[Source "ChessBase"]
[SourceQuality "1"]
[TimeControl "900+10"]

1. c4 f5 2. d4 Nf6 3. Nf3 e6 4. g3 Be7 5. Bg2 O-O 6. Bf4 d6 7. Nc3 h6 8. h4 a5 9. a3 Ne4 10. Nxe4 fxe4 11. Nd2 d5 12. f3 Rxf4 13. gxf4 e3 14. Nb3 Bxh4+ 15. Kf1 dxc4 16. Nc5 Bf6 17. Ne4 Bxd4 18. Qc2 b5 19. Rd1 Nc6 20. Ng5 hxg5 21. Qh7+ Kf8 22. fxg5 Qxg5 23. Qh8+ Ke7 24. f4 Qxf4+ 25. Bf3 Qg3 26. Rh2 e5 27. Bxc6 Bb7 28. Qxa8 Bxa8 29. Rg2 Qf4+ {Ra1 Qg3} 0-1

[Event "29th Czech Open-Rapid 2018"]
[Site "Pardubice"]
[Date "2018.07.18"]
[Round "3"]
[White "Joukl, Zdenek"]
[Black "Trost, Martin"]
[Result "*"]
[WhiteElo "2029"]
[BlackElo "1838"]
[Annotator "NA RC"]
[PlyCount "56"]
[EventDate "2018.07.18"]
[EventType "swiss"]
[EventCountry "CZE"]
[SourceTitle "playchess.com"]
[Source "ChessBase"]
[SourceQuality "1"]
[TimeControl "900+10"]

1. d4 d5 2. Nf3 Nf6 3. Bf4 e6 4. e3 Bd6 5. Ne5 O-O 6. Nd2 c5 7. c3 Nc6 8. Bd3 Qc7 9. Ndf3 Ne4 10. Nxc6 Bxf4 11. Ne7+ Qxe7 12. exf4 b6 13. O-O Bb7 14. Re1 Rac8 15. a4 a6 16. Re3 c4 17. Bc2 Rfe8 18. Qe2 Nf6 19. Ne5 Nd7 20. Rh3 g6 21. Ng4 Nf6 22. Nh6+ Kg7 23. Re1 Rc7 24. Qf3 Ng8 25. Ng4 Nf6 26. Ne5 Nd7 27. Qe3 Rcc8 28. f5 g5 *

[Event "29th Czech Open-Rapid 2018"]
[Site "Pardubice"]
[Date "2018.07.18"]
[Round "3"]
[White "Kolasa, Pjotrs"]
[Black "Zdrazil, Jan"]
[Result "0-1"]
[ECO "A05"]
[WhiteElo "2021"]
[BlackElo "1953"]
[Annotator "NA RC"]
[PlyCount "100"]
[EventDate "2018.07.18"]
[EventType "swiss"]
[EventCountry "CZE"]
[SourceTitle "playchess.com"]
[Source "ChessBase"]
[SourceQuality "1"]
[TimeControl "900+10"]

1. Nf3 Nf6 2. c4 g6 3. Nc3 Bg7 4. e4 d6 5. d4 O-O 6. h3 e5 7. d5 Nbd7 8. Be3 Nh5 9. Nd2 a6 10. g3 Rb8 11. Be2 Nhf6 12. Qc2 c6 13. g4 cxd5 14. cxd5 b5 15. b4 Nb6 16. Nb3 Qc7 17. Rc1 Nc4 18. Bxc4 bxc4 19. Na5 Rxb4 20. Nc6 Rb7 21. Ne2 Bxg4 22. hxg4 Nxg4 23. Ng3 f5 24. Qe2 Nxe3 25. fxe3 f4 26. Nf1 Qb6 27. Qh2 h6 28. Qd2 fxe3 29. Nxe3 Rf4 30. Nxc4 Rxe4+ 31. Kd1 Qc7 32. Qd3 Rg4 33. Rf1 e4 34. Qa3 Rb5 35. Ne3 Rg3 36. Qxa6 Rb2 37. Nc4 Rd3+ 38. Ke1 Rh2 39. Rf2 Rh1+ 40. Rf1 Rxf1+ 41. Kxf1 Qf7+ 42. Ke1 Qf3 43. Qa7 Qh1+ 44. Ke2 Qg2+ 45. Ke1 Qh1+ 46. Ke2 Qxc1 47. Qa4 Qh1 48. Ne7+ Kh7 49. Qe8 Qf3+ 50. Ke1 Rd1# 0-1

[Event "29th Czech Open-Rapid 2018"]
[Site "Pardubice"]
[Date "2018.07.18"]
[Round "3"]
[White "Hauschild, Rudolf jun"]
[Black "Vusatiuk, Vladimir"]
[Result "1-0"]
[ECO "C01"]
[WhiteElo "2015"]
[BlackElo "2321"]
[Annotator "NA"]
[PlyCount "86"]
[EventDate "2018.07.18"]
[EventType "swiss"]
[EventCountry "CZE"]
[SourceTitle "playchess.com"]
[Source "ChessBase"]
[SourceQuality "1"]
[TimeControl "900+10"]

1. e4 e6 2. d4 d5 3. exd5 exd5 4. c4 Nf6 5. Nc3 Bb4 6. h3 O-O 7. Be3 Re8 8. Nf3 Ne4 9. Rc1 Ng3 10. Rg1 Nf5 11. a3 Bxc3+ 12. Rxc3 c5 13. cxd5 cxd4 14. Nxd4 Nxe3 15. fxe3 Qxd5 16. Nf3 Qa5 17. b4 Qb6 18. Qd4 Nd7 19. Kf2 Nf6 20. Bd3 Qe6 21. Ng5 Qe7 22. Bc4 Ng4+ 23. hxg4 Qxg5 24. Bd5 Bxg4 25. Rc7 Rad8 26. Bxf7+ Kh8 27. Qc3 Rxe3 28. Qxe3 Rd2+ 29. Qxd2 Qxd2+ 30. Kg3 Qd6+ 31. Kxg4 Qxc7 32. Rf1 g6 33. Rf3 Kg7 34. Bb3 h5+ 35. Kh3 g5 36. g4 Qc8 37. Rg3 Kh6 38. Bd1 Qd7 39. Bf3 b6 40. Be2 Qe6 41. Bf3 h4 42. Rg1 Qe3 43. Rf1 Qxa3 1-0

[Event "29th Czech Open-Rapid 2018"]
[Site "Pardubice"]
[Date "2018.07.18"]
[Round "3"]
[White "Barak, Gil"]
[Black "Mojzis, Jaroslav"]
[Result "0-1"]
[ECO "C77"]
[WhiteElo "1993"]
[BlackElo "2099"]
[Annotator "NA RC"]
[PlyCount "140"]
[EventDate "2018.07.18"]
[EventType "swiss"]
[EventCountry "CZE"]
[SourceTitle "playchess.com"]
[Source "ChessBase"]
[SourceQuality "1"]
[TimeControl "900+10"]

1. e4 e5 2. Nf3 Nc6 3. Bb5 a6 4. Ba4 Nf6 5. d4 exd4 6. O-O Be7 7. Re1 O-O 8. e5 Ne8 9. Nxd4 Nxd4 10. Qxd4 d6 11. Bxe8 Rxe8 12. exd6 Bxd6 13. Rxe8+ Qxe8 14. Be3 Bf5 15. Nc3 Bxc2 16. Rc1 Bg6 17. g3 Rd8 18. Qc4 h6 19. Nd5 c6 20. Nf4 Bf5 21. Qb3 Qe4 22. Bb6 Re8 23. Qe3 Qxe3 24. Bxe3 Be5 25. b3 Rd8 26. Kf1 g5 27. Ne2 Bb2 28. Re1 Bd3 29. Kg2 Be4+ 30. Kf1 Bd5 31. Bb6 Re8 32. Rb1 Bf6 33. Nd4 Be4 34. Rc1 Bd3+ 35. Kg1 h5 36. Rd1 Bg6 37. Nf3 h4 38. Re1 Rxe1+ 39. Nxe1 Kf8 40. Nf3 hxg3 41. fxg3 Ke7 42. Kf2 Ke6 43. Be3 g4 44. Nd4+ Kd5 45. Ne2 Ke4 46. Nf4 Bf5 47. Ke2 Ke5 48. Kd2 Kd6 49. Ne2 c5 50. Nc3 b5 51. Ne2 b4 52. Kc1 Be7 53. Nf4 Ke5 54. Nh5 Ke4 55. Kd2 Bd7 56. Nf4 Bb5 57. Ne2 c4 58. bxc4 Bxc4 59. Nc1 Bf6 60. Nb3 Bc3+ 61. Kd1 Kxe3 62. Nc5 Bxa2 63. Kc1 b3 64. Na4 b2+ 65. Nxb2 Bxb2+ 66. Kc2 Bd4 67. h3 gxh3 68. g4 h2 69. g5 h1=Q 70. g6 Qb1# 0-1

[Event "29th Czech Open-Rapid 2018"]
[Site "Pardubice"]
[Date "2018.07.18"]
[Round "3"]
[White "Khmelev, Mikhail"]
[Black "Chekletsov, Ilya"]
[Result "0-1"]
[ECO "B53"]
[WhiteElo "1972"]
[BlackElo "2395"]
[Annotator "NA"]
[PlyCount "80"]
[EventDate "2018.07.18"]
[EventType "swiss"]
[EventCountry "CZE"]
[SourceTitle "playchess.com"]
[Source "ChessBase"]
[SourceQuality "1"]
[TimeControl "900+10"]

1. e4 c5 2. Nf3 d6 3. d4 cxd4 4. Qxd4 Nc6 5. Bb5 Bd7 6. Qd3 Rc8 7. c4 g6 8. Nc3 Bg7 9. O-O Nf6 10. h3 O-O 11. Bxc6 bxc6 12. Bg5 Qa5 13. e5 dxe5 14. Nxe5 Bxh3 15. Bxf6 Bf5 16. Qf3 Bxf6 17. Ng4 Bxg4 18. Qxg4 Bxc3 19. bxc3 Qxc3 20. Rae1 e6 21. Re3 Qf6 22. Rf3 Qe5 23. Rh3 Rfd8 24. Rb1 Rd4 25. Qf3 Rcd8 26. g3 Qf5 27. Qxf5 gxf5 28. Rb7 R8d7 29. Rb4 Rd2 30. Kg2 Rxa2 31. Rh1 Rdd2 32. Rf1 Rdb2 33. Rxb2 Rxb2 34. Ra1 Rb4 35. c5 Rb5 36. Rxa7 Rxc5 37. Kf3 Kg7 38. Kf4 Rc4+ 39. Ke5 Rc2 40. f4 Rd2 {[%emt 0:00:01] Kd4} 0-1

[Event "29th Czech Open-Rapid 2018"]
[Site "Pardubice"]
[Date "2018.07.18"]
[Round "3"]
[White "Mlcak, Viktor"]
[Black "Vinklarek, Ondrej"]
[Result "0-1"]
[ECO "B01"]
[WhiteElo "1939"]
[BlackElo "2071"]
[Annotator "NA RC"]
[PlyCount "28"]
[EventDate "2018.07.18"]
[EventType "swiss"]
[EventCountry "CZE"]
[SourceTitle "playchess.com"]
[Source "ChessBase"]
[SourceQuality "1"]
[TimeControl "900+10"]

1. e4 d5 2. exd5 Qxd5 3. Nf3 Nf6 4. d4 e6 5. c4 Qd8 6. Be2 c5 7. O-O Nc6 8. dxc5 Qxd1 9. Rxd1 Bxc5 10. Nc3 O-O 11. Bg5 Ng4 12. Ne4 Bb6 13. h3 f5 14. hxg4 fxe4 0-1

[Event "29th Czech Open-Rapid 2018"]
[Site "Pardubice"]
[Date "2018.07.18"]
[Round "3"]
[White "Pavlicek, Lukas"]
[Black "Vykydal, Frantisek"]
[Result "1/2-1/2"]
[ECO "A25"]
[WhiteElo "1819"]
[BlackElo "2089"]
[Annotator "NA RC"]
[PlyCount "207"]
[EventDate "2018.07.18"]
[EventType "swiss"]
[EventCountry "CZE"]
[SourceTitle "playchess.com"]
[Source "ChessBase"]
[SourceQuality "1"]
[TimeControl "900+10"]

1. c4 e5 2. Nc3 Nc6 3. g3 Nf6 4. Bg2 d6 5. e3 Be6 6. d3 Be7 7. Nd5 O-O 8. Ne2 Qd7 9. O-O Nd8 10. Nec3 c6 11. Nxe7+ Qxe7 12. e4 Nd7 13. f4 f5 14. b3 exf4 15. gxf4 Nf6 16. e5 Ng4 17. h3 Nh6 18. d4 dxe5 19. fxe5 Bd7 20. Re1 f4 21. Qf3 Qh4 22. Ba3 Re8 23. d5 Nf5 24. e6 Bc8 25. Re4 g5 26. Rae1 h5 27. Qf2 Kh7 28. Qxh4 Nxh4 29. Rf1 Kg6 30. Ree1 Nxg2 31. Kxg2 Kf5 32. Ne4 Kg6 33. Nd6 Rg8 34. e7 Bd7 35. e8=Q+ Bxe8 36. Rxe8 Rxe8 37. Nxe8 Nf7 38. Nd6 Nxd6 39. Bxd6 cxd5 40. cxd5 Rd8 41. Bc5 b6 42. Bb4 Rxd5 43. Re1 a5 44. Be7 Rd2+ 45. Kg1 g4 46. hxg4 hxg4 47. Rf1 f3 48. Bh4 Rxa2 49. Bd8 b5 50. Rd1 a4 51. bxa4 bxa4 52. Rd4 Kf5 53. Rd5+ Ke4 54. Rg5 Rg2+ 55. Kf1 a3 56. Ra5 g3 57. Rxa3 Rf2+ 58. Kg1 Rh2 59. Ra4+ Kd5 60. Ra5+ Kc4 61. Rf5 f2+ 62. Kf1 Rh1+ 63. Kg2 Rg1+ 64. Kh3 Kd3 65. Bc7 f1=Q+ 66. Rxf1 Rxf1 67. Kxg3 Ke4 68. Kg2 Rf7 69. Bb6 Kd3 70. Kg3 Ke2 71. Kg4 Kf1 72. Kg5 Kg2 73. Kg6 Rf3 74. Bd4 Kg3 75. Bf6 Kg4 76. Kf7 Re3 77. Bd4 Re4 78. Bc5 Kf5 79. Be7 Rd4 80. Bc5 Rd7+ 81. Kg8 Kf6 82. Bb4 Rb7 83. Bc3+ Kg6 84. Kf8 Rd7 85. Ke8 Rc7 86. Bb2 Kf5 87. Kd8 Rb7 88. Bc3 Ke6 89. Be1 Rb1 90. Bg3 Rc1 91. Bh2 Rc2 92. Bg3 Rc3 93. Bh2 Rh3 94. Bf4 Rh7 95. Bg3 Rg7 96. Bh2 Rg8+ 97. Kc7 Rg2 98. Bf4 Rf2 99. Bg3 Rc2+ 100. Kd8 Rg2 101. Bf4 Rg7 102. Bh2 Rh7 103. Bg3 Rh3 104. Bf4 1/2-1/2

[Event "29th Czech Open-Rapid 2018"]
[Site "Pardubice"]
[Date "2018.07.18"]
[Round "3"]
[White "Tomek, Karel"]
[Black "Haase, Pavel"]
[Result "0-1"]
[ECO "A46"]
[WhiteElo "1785"]
[BlackElo "1994"]
[Annotator "NA RC"]
[PlyCount "92"]
[EventDate "2018.07.18"]
[EventType "swiss"]
[EventCountry "CZE"]
[SourceTitle "playchess.com"]
[Source "ChessBase"]
[SourceQuality "1"]
[TimeControl "900+10"]

1. d4 Nf6 2. Nf3 e6 3. e3 b6 4. Bd3 Bb7 5. O-O Be7 6. Nbd2 O-O 7. b3 c5 8. Bb2 d6 9. c4 Nbd7 10. Rc1 Re8 11. e4 cxd4 12. Bxd4 Nc5 13. Bxc5 bxc5 14. Qc2 Qc7 15. Rfe1 Nd7 16. e5 dxe5 17. Bxh7+ Kh8 18. Be4 Bxe4 19. Rxe4 f5 20. Ree1 g5 21. Kf1 Bf6 22. Ng1 e4 23. g3 Ne5 24. h3 Nd3 25. Re3 Nxc1 26. Qxc1 Bd4 27. Re2 Rad8 28. Kg2 Qg7 29. Nf1 Bf6 30. Qc2 Qd7 31. Rd2 Qb7 32. Kh2 Rxd2 33. Qxd2 Rd8 34. Qe3 Qc6 35. h4 f4 36. gxf4 Rd3 37. Qe2 gxf4 38. Qh5+ Kg7 39. Qg4+ Kf7 40. h5 e5 41. Nh3 Qe6 42. Qg2 Ke7 43. h6 Bh8 44. h7 Qh6 45. Qg5+ Qxg5 46. Nxg5 e3 0-1

[Event "29th Czech Open-Rapid 2018"]
[Site "Pardubice"]
[Date "2018.07.19"]
[Round "4"]
[White "Zakhartsov, Viacheslav V"]
[Black "Kathmale, Sameer"]
[Result "1-0"]
[ECO "D10"]
[WhiteElo "2475"]
[BlackElo "2272"]
[Annotator "RC"]
[PlyCount "91"]
[EventDate "2018.07.18"]
[EventType "swiss"]
[EventCountry "CZE"]
[SourceTitle "playchess.com"]
[Source "ChessBase"]
[SourceQuality "1"]
[TimeControl "900+10"]

1. d4 d5 2. c4 c6 3. Nc3 Nf6 4. e3 Bf5 5. cxd5 cxd5 6. Qb3 Nc6 7. Qxb7 Bd7 8. Qb3 Rb8 9. Qd1 e5 10. dxe5 Nxe5 11. Nge2 Bd6 12. Nf4 Bc6 13. Be2 Ng6 14. O-O Bxf4 15. exf4 d4 16. Nb1 Nh4 17. f3 Nf5 18. Qc2 Qd7 19. Na3 Nd5 20. Nc4 Nb4 21. Qxf5 Qxf5 22. Nd6+ Kf8 23. Nxf5 d3 24. Bd1 g6 25. Nd4 Bd5 26. b3 Kg7 27. Bb2 f6 28. a3 Na6 29. Rc1 Rhe8 30. Rc3 d2 31. Kf2 Rb7 32. Be2 Nc7 33. Rd1 Bf7 34. g3 Nd5 35. Rd3 Rbe7 36. R1xd2 Ne3 37. Nc6 Re6 38. Nd8 R6e7 39. Nxf7 Kxf7 40. Rd7 Nf5 41. Bc4+ Kg7 42. Rxe7+ Nxe7 43. Rd6 Nf5 44. Bxf6+ Kf8 45. Rd7 Rc8 46. Rxh7 1-0

[Event "29th Czech Open-Rapid 2018"]
[Site "Pardubice"]
[Date "2018.07.19"]
[Round "4"]
[White "Shkuran, Daniil"]
[Black "Fedotov, Konstantin"]
[Result "1-0"]
[ECO "B15"]
[WhiteElo "2404"]
[BlackElo "2123"]
[Annotator "NA"]
[PlyCount "85"]
[EventDate "2018.07.18"]
[EventType "swiss"]
[EventCountry "CZE"]
[SourceTitle "playchess.com"]
[Source "ChessBase"]
[SourceQuality "1"]
[TimeControl "900+10"]

1. e4 c6 2. d4 d5 3. Nc3 Nf6 4. e5 Nfd7 5. f4 e6 6. Nf3 c5 7. Be3 b6 8. Qd2 Ba6 9. O-O-O Bxf1 10. Rhxf1 Nc6 11. f5 cxd4 12. Bxd4 Be7 13. fxe6 fxe6 14. Qf4 Nf8 15. Qg4 g5 16. Qh5+ Ng6 17. Be3 g4 18. Ng5 Qd7 19. Nf7 Rf8 20. Qxh7 Ncxe5 21. Nxe5 Nxe5 22. Qh5+ Nf7 23. Bh6 O-O-O 24. Bxf8 Bg5+ 25. Kb1 Rxf8 26. Rxf7 Qxf7 27. Qxg5 Rg8 28. Qe5 Qd7 29. Ne4 Qe7 30. Nf6 Rg7 31. Re1 Rf7 32. Qxe6+ Qxe6 33. Rxe6 Kd8 34. a4 d4 35. Nxg4 Rf4 36. h3 Kd7 37. Re2 Kd6 38. Kc1 a6 39. Kd2 b5 40. axb5 axb5 41. Rf2 Re4 42. Kd3 Re1 43. Kxd4 1-0

[Event "29th Czech Open-Rapid 2018"]
[Site "Pardubice"]
[Date "2018.07.19"]
[Round "4"]
[White "Piscopo, Pierluigi"]
[Black "Kukelko, Alexey"]
[Result "1-0"]
[ECO "B50"]
[WhiteElo "2402"]
[BlackElo "2109"]
[Annotator "NA"]
[PlyCount "55"]
[EventDate "2018.07.18"]
[EventType "swiss"]
[EventCountry "CZE"]
[SourceTitle "playchess.com"]
[Source "ChessBase"]
[SourceQuality "1"]
[TimeControl "900+10"]

1. e4 c5 2. Nf3 d6 3. Nc3 Nf6 4. e5 dxe5 5. Nxe5 Nbd7 6. d4 e6 7. Be3 cxd4 8. Bxd4 Be7 9. Bd3 O-O 10. O-O Nc5 11. Be2 a6 12. Qd2 Qc7 13. Qe3 b5 14. b4 Ncd7 15. a4 bxa4 16. Rxa4 Bb7 17. Rfa1 Rfc8 18. h3 Nxe5 19. Bxe5 Bd6 20. Bxd6 Qxd6 21. Bf3 Bxf3 22. Qxf3 Qd4 23. R1a3 Qb6 24. b5 a5 25. Rc4 h6 26. Raa4 Rab8 27. Qe3 Nd5 28. Nxd5 1-0